 Dungeon Crawl Stone Soup version 0.26-a0-8-gc4d20be (webtiles) character file.

Game seed: 16651698584664853871, levelgen mode: deterministic

123302 thirtiethelement the Peltast (level 16, -13/123 HPs)
             Began as a Demonspawn Abyssal Knight on May 25, 2020.
             Was a High Priest of Lugonu.
             Mangled by a spiny frog (16 damage)
             ... on level 4 of the Swamp.
             The game lasted 02:50:36 (30109 turns).

thirtiethelement the Peltast (DsAK)                Turns: 30109, Time: 02:50:37

Health: -13/123    AC: 30    Str: 12    XL:     16   Next: 36%
Magic:  17/19      EV: 10    Int: 34    God:    Lugonu [*****.]
Gold:   2568       SH:  0    Dex: 10    Spells: 15/15 levels left

rFire    + . .     SeeInvis +   I - +9 scimitar (distort)
rCold    x . .     Gourm    .   g - +6 tower shield "Yxken" {rC- rCorr SInv}
rNeg     . . .     Faith    .   d - +1 scale mail of Womasi {rCorr Int+4}
rPois    .         Spirit   .   A - +2 helmet
rElec    +         Reflect  .   S - +2 cloak
rCorr    +         Harm     +   Z - +2 pair of gloves of Light {Harm Dex-5 Stlth+}
MR       +....     Rnd*Tele +   (no boots)
Stlth    ..........             B - amulet of the acrobat
HPRegen  0.30/turn              v - ring "Marumumm" {rElec rCorr Int+4 Dex+4}
MPRegen  0.16/turn              R - ring "Vule" {+Fly AC+4 Str-5 Int+8}

@: confused, sanguine armour, studying Necromancy
A: hooves 2, clever 1, clumsy 1, deformed body, fire resistance 1, shaggy fur 1,
spiny 2, teleportitis 1, flame cloud immunity, MP-powered wands, sanguine armour
2
a: Depart the Abyss, Bend Space, Banish, Corrupt, Enter the Abyss, Renounce
Religion, Evoke Flight


You were on level 4 of the Swamp.
You worshipped Lugonu.
Lugonu was extremely pleased with you.
You were not hungry.

You visited 4 branches of the dungeon, and saw 27 of its levels.
You visited the Abyss 2 times.
You also visited: Sewer, Gauntlet and Volcano.

You collected 2905 gold pieces.
You spent 337 gold pieces at shops.

Inventory:

Hand Weapons
 G - a +2 triple sword of protection
 I - a +9 scimitar of distortion (weapon)
Missiles
 j - 32 javelins (quivered)
Armour
 d - the +1 scale mail of Womasi (worn) {rCorr Int+4}
   (You found it on level 3 of the Abyss)

   It affects your intelligence (+4).
   It provides partial protection from all sources of acid and corrosion.
 f - +0 ice dragon scales
 g - the +6 tower shield "Yxken" (worn) {rC- rCorr SInv}
   (You found it on level 5 of the Dungeon)

   It makes you vulnerable to cold.
   It lets you see invisible.
   It provides partial protection from all sources of acid and corrosion.
 A - a +2 helmet (worn)
 S - a +2 cloak (worn)
 Z - the +2 pair of gloves of Light (worn) {Harm Dex-5 Stlth+}
   (You acquired it on level 4 of the Lair of Beasts)

   It affects your dexterity (-5).
   It increases damage dealt and taken.
   It makes you more stealthy.
Jewellery
 o - an uncursed amulet of faith
 r - an uncursed ring of protection from cold
 v - the ring "Marumumm" (left hand) {rElec rCorr Int+4 Dex+4}
   (You acquired it on level 4 of the Dungeon)

   [ring of resist corrosion]

   It affects your intelligence (+4).
   It affects your dexterity (+4).
   It insulates you from electricity.
   It provides partial protection from all sources of acid and corrosion.
 y - an uncursed ring of protection from magic
 B - an amulet of the acrobat (around neck)
 E - a +6 ring of strength
 R - the ring "Vule" (right hand) {+Fly AC+4 Str-5 Int+8}
   (You found it on level 6 of the Lair of Beasts)

   [ring of protection]

   It affects your AC (+4).
   It affects your strength (-5).
   It affects your intelligence (+8).
   It lets you fly.
 W - a +4 ring of protection
 Y - a +4 ring of slaying
Wands
 a - a wand of flame (22)
 b - a wand of polymorph (49)
 i - a wand of iceblast (10)
 k - a wand of acid (4)
 z - a wand of random effects (91)
 F - a wand of enslavement (25)
 H - a wand of paralysis (12)
Scrolls
 e - 2 scrolls of enchant weapon
 h - 16 scrolls of remove curse
 n - a scroll of blinking
 p - 3 scrolls of magic mapping
 q - 12 scrolls of teleportation
 s - a scroll of enchant armour
 w - 5 scrolls of summoning
 K - a scroll of identify
 L - 2 scrolls of fog
Potions
 l - 7 potions of flight
 t - 6 potions of lignification
 u - 6 potions of might
 C - 2 potions of resistance
 D - 5 potions of haste
 J - a potion of ambrosia
 P - 3 potions of cancellation
Books
 x - a manual of Necromancy
Miscellaneous
 U - a lightning rod (2/4)
 X - a phial of floods
Comestibles
 c - 18 rations


   Skills:
 + Level 10.4 Fighting
 + Level 13.8 Long Blades
 + Level 2.6 Throwing
 + Level 8.4 Armour
 + Level 7.5 Dodging
 + Level 2.2 Stealth
 * Level 17.5 Shields
 + Level 4.1 Invocations
 + Level 2.5 Evocations


You had 15 spell levels left.
You didn't know any spells.
Your spell library contained the following spells:

 Spells                   Type           Power        Failure   Level  Hunger
 Animate Skeleton         Necr           N/A          61%         1    ##.....
 Apportation              Tloc           #.....       61%         1    ##.....
 Corona                   Hex            #......      61%         1    ##.....
 Foxfire                  Conj/Fire      #...         61%         1    ##.....
 Summon Butterflies       Summ           #.......     61%         1    ##.....
 Summon Small Mammal      Summ           #...         61%         1    ##.....
 Call Imp                 Summ           #.......     75%         2    ###....
 Corpse Rot               Necr/Air       N/A          75%         2    ###....
 Sublimation of Blood     Necr           #.........   75%         2    ###....
 Call Canine Familiar     Summ           #.......     93%         3    ####...
 Confusing Touch          Hex            #.......     93%         3    ####...
 Conjure Flame            Conj/Fire      #.......     93%         3    ####...
 Gell's Gravitas          Tloc           #.........   93%         3    ####...
 Inner Flame              Hex/Fire       #.......     93%         3    ####...
 Lesser Beckoning         Tloc           #.........   93%         3    ####...
 Summon Guardian Golem    Hex/Summ       #.......     93%         3    ####...
 Tukima's Dance           Hex            #.......     93%         3    ####...
 Vampiric Draining        Necr           #.........   93%         3    ####...
 Animate Dead             Necr           N/A          100%        4    #####..
 Dispel Undead            Necr           #.......     100%        4    #####..
 Petrify                  Tmut/Erth      #.......     100%        4    #####..
 Sticky Flame             Conj/Fire      #.......     100%        4    #####..
 Summon Ice Beast         Ice/Summ       #.......     100%        4    #####..
 Summon Lightning Spire   Summ/Air       #.......     100%        4    #####..
 Agony                    Necr           #.......     100%        5    ######.
 Alistair's Intoxication  Tmut/Pois      #.......     100%        5    ######.
 Bolt of Magma            Conj/Fire/Erth #.........   100%        5    ######.
 Fireball                 Conj/Fire      #.........   100%        5    ######.
 Metabolic Englaciation   Hex/Ice        #.........   100%        5    ######.
 Yara's Violent Unravell  Hex/Tmut       #.........   100%        5    ######.
 Invisibility             Hex            #.......     100%        6    #######


Dungeon Overview and Level Annotations

Branches:
Dungeon (15/15)            Temple (0/1) D:7            Lair (6/6) D:8
  Swamp (4/4) Lair:4       Spider (0/4) Lair:3        Slime (0/5) Lair:5
    Orc (2/2) D:9             Elf (0/3) Orc:2        Vaults (0/5) D:14
  Sewer (visited)         Volcano (visited)         Gauntlet (visited)
 Depths: D:15

Altars:
Ashenzari
Cheibriados
Elyvilon
Fedhas
Okawaru
Qazlal
Trog
Xom
Beogh

Shops:
Orc:2 [*[?[

Annotations:
D:7 3 runed translucent doors, corrupted
Swamp:3 corrupted
Abyss:1 Agnes, Joseph, Kirke


Innate Abilities, Weirdness & Mutations

You have hoof-like feet.
Your flesh is heat resistant. (rF+)
You are mostly covered in sharp spines.
You are immune to clouds of flame.
When seriously injured, your bleeding wounds create thick armour. (AC +9)
Your mind is acute. (Int +2)
You are clumsy. (Dex -2)
Armour fits poorly on your strangely shaped body.
You are covered in fur. (AC +1)
You are occasionally teleported next to monsters.
You expend magic power (3 MP) to strengthen your wands.


Message History

The alligator is engulfed in noxious fumes.
You block the swamp drake's attack.
You feel better.
You are engulfed in noxious fumes.
You choke on the stench!
You are confused.
The spiny frog stings you!
* * * LOW HITPOINT WARNING * * *
The blink frog is engulfed in noxious fumes.
The blink frog appears confused.
The alligator is engulfed in noxious fumes.
The alligator bites you but does no damage.
The alligator tail-slaps you but does no damage.
The spriggan rider is engulfed in noxious fumes.
The spriggan rider hits you but does no damage.
You writhe in agony.
* * * LOW HITPOINT WARNING * * *
The swamp drake bites you but does no damage.
The spriggan rider blocks the blink frog's attack.
The spiny frog is struck by your spines.
The spiny frog barely misses you. The spiny frog stings you!
You die...

..≈♣♣♣ ♣≈...÷≈≈≈.♣ .≈
♣♣≈...♣♣ ♣≈.....≈♣
§≈≈$♣..≈≈≈≈♣ ♣.§§.≈≈.♣
♣≈.)≈≈≈.♣♣♣Z≈≈.≈§≈♣
♣†.§≈...≈≈≈♣♣♣♣♣ ♣.F≈≈≈(...♣♣
♣ki°°≈≈...≈♣ .≈≈≈≈≈≈≈♣
♣Ftk≈≈≈♣♣♣♣♣ ≈...≈≈..♣
♣♣@F≈≈.♣ ♣§≈≈≈≈.≈ ♣♣≈.≈≈≈≈♣
♣≈.≈≈≈.♣ ♣♣≈.≈≈≈≈≈♣ ≈≈≈≈≈.♣
♣♣...≈≈≈≈≈♣♣
♣<≈≈.♣♣♣...♣♣≈.≈≈.♣
♣.≈.♣♣..≈♣≈♣≈....≈♣♣♣♣♣♣♣♣♣
♣♣♣♣...≈≈..≈.≈..÷♣....≈≈..≈♣
♣♣≈....≈≈≈...≈≈........≈.≈..♣
♣≈..≈≈≈≈≈.≈..♣♣..≈≈≈♣♣♣♣♣..≈#


You could see an alligator (strong, swift), a spriggan rider, 2 spiny frogs, a
blink frog (strong, confused), 2 swamp drakes and a five-headed hydra zombie.

Vanquished Creatures
  A tentacled monstrosity (Swamp:1)
  Frances (Swamp:2)
  A minotaur (Gauntlet)
  A red draconian (Volcano)
  A dire elephant (Lair:6)
  A catoblepas (Lair:6)
  13 hydras
  8 two-headed ogres
  A shambling mangrove (Swamp:2)
  A ghost crab (Swamp:2)
  3 centaur warriors
  3 ogre magi
  7 alligators
  A deep troll shaman (Lair:6)
  A death knight (D:15)
  2 death yaks (Lair:6)
  A skeletal warrior (D:14)
  Nergalle (Lair:3)
  2 unseen horrors
  A spriggan druid (Swamp:4)
  A swamp dragon (Swamp:1)
  A deep troll (Orc:2)
  A deep elf mage (D:12)
  3 cyclopes
  5 ugly things
  9 elephants
  4 black mambas
  14 spiny frogs
  An eye of devastation (D:11)
  5 yaktaurs
  A minotaur zombie (Gauntlet)
  2 rime drakes (Lair:4)
  7 komodo dragons
  2 efreet
  An ice devil (Gauntlet)
  A queen bee (Gauntlet)
  3 polar bears
  13 trolls
  22 blink frogs
  6 tyrant leeches
  7 hornets
  6 slime creatures
  5 bog bodies
  10 hippogriffs
  4 centaur simulacra (D:14)
  2 redbacks (Lair:3)
  2 wraiths
  4 spriggans
  2 wyverns
  2 water elementals (D:14)
  4 shadows
  5 hogs (D:14)
  11 yaks
  A fire elemental (Gauntlet)
  2 hungry ghosts
  A golden eye (shapeshifter) (D:15)
  3 basilisks
  24 vampire mosquitoes
  A steam dragon (Lair:3)
  8 swamp worms
  14 insubstantial wisps
  10 water moccasins
  2 soldier ants
  14 porcupines
  A hydra simulacrum (Swamp:4)
  3 hell hounds (Gauntlet)
  3 black bears
  A hornet zombie (D:8)
  11 orc warriors
  A gnoll sergeant (D:9)
  5 sky beasts
  22 ogres
  4 ice beasts
  7 phantoms
  5 swamp drakes
  2 necrophages
  25 wolves
  16 centaurs
  11 crocodiles
  4 big kobolds
  19 bullfrogs
  A water moccasin zombie (D:8)
  A wyvern skeleton (D:14)
  6 scorpions
  9 killer bees
  16 wights
  3 electric eels
  A howler monkey (D:6)
  A bullfrog zombie (D:8)
  8 crimson imps
  2 bullfrog skeletons
  7 hounds
  9 orc priests
  3 centaur zombies
  A gnoll shaman (D:8)
  Crazy Yiuf (D:4)
  4 centaur skeletons
  3 jellies
  19 orc wizards
  2 iguanas (Lair:4)
  13 worker ants
  A killer bee zombie (D:7)
  A hound zombie (D:5)
  2 worker ant zombies
  A howler monkey skeleton (D:8)
  16 adders
  10 gnolls
  2 river rats (D:3)
  4 shadow imps
  7 white imps
  An ufetubus (D:14)
  8 oozes
  An adder skeleton (D:4)
  5 worms
  2 dart slugs (D:1)
  7 leopard geckos
  79 orcs
  15 bats
  9 giant cockroaches
  3 goblins
  9 hobgoblins
  8 jackals
  7 quokkas
  4 ball pythons
  10 frilled lizards
  21 kobolds
  12 rats
  3 briar patches (Swamp:3)
  A bush (Lair:6)
  A fungus (Lair:5)
  6 plants
803 creatures vanquished.

Vanquished Creatures (collateral kills)
  2 orc priests (D:9)
  A gnoll (D:9)
  5 orcs (D:9)
8 creatures vanquished.

Vanquished Creatures (others)
  A thorn hunter (Swamp:3)
  A very ugly thing (Swamp:3)
  3 hydras
  2 shambling mangroves
  4 alligators (Swamp:1)
  A centaur warrior (D:14)
  4 two-headed ogres
  A death yak (Lair:6)
  2 spriggans (Swamp:3)
  A deep troll (Orc:1)
  An unseen horror (D:14)
  2 swamp dragons
  The ghost of krigyl the Cleaver, a novice MiFi of Gozag (D:7)
  5 ugly things
  8 slime creatures
  A manticore (D:12)
  A black mamba (Lair:1)
  2 centaur zombies
  4 elephants (Lair:6)
  A gargoyle (D:10)
  2 centaur skeletons
  2 komodo dragons
  4 spiny frogs
  A yaktaur (D:12)
  A kobold demonologist (D:7)
  2 trolls
  6 tyrant leeches
  3 bog bodies
  2 hornets (Swamp:3)
  3 blink frogs
  2 centaur simulacra (D:14)
  A shadow (Swamp:1)
  A redback (Lair:3)
  4 yaks
  2 basilisks
  A wraith (D:13)
  A hungry ghost (D:10)
  4 orc warriors
  4 vampire mosquitoes
  2 insubstantial wisps (Swamp:1)
  6 swamp worms
  An acid dragon (D:14)
  A porcupine (Lair:5)
  3 swamp drakes
  3 centaurs
  5 ogres
  3 crocodiles
  10 big kobolds (D:7)
  A wight (D:11)
  A quasit (D:11)
  An orc priest (Orc:1)
  4 orcs
  4 briar patches (Swamp:3)
  9 demonic plants (Gauntlet)
  9 fungi
  16 plants
  A starspawn tentacle (D:7)
172 creatures vanquished.

Grand Total: 983 creatures vanquished

Notes
Turn   | Place    | Note
-------+----------+-------------------------------------------
     0 | Abyss:1  | thirtiethelement the Demonspawn Abyssal Knight began the
                  | quest for the Orb.
     0 | Abyss:1  | Reached XP level 1. HP: 18/18 MP: 2/2
    45 | Abyss:2  | Noticed a large abomination
    77 | Abyss:2  | Noticed a small abomination
   102 | Abyss:2  | Noticed a large abomination
   102 | Abyss:2  | Noticed a chaos spawn
   132 | Abyss:3  | Got a bloodstained scale mail
   136 | Abyss:3  | Noticed a wretched star
   137 | D:1      | Escaped the Abyss
   148 | D:1      | Identified the cursed +1 scale mail of Womasi {rCorr Int+4}
                  | (You found it on level 3 of the Abyss)
   233 | D:1      | Gained mutation: When seriously injured, your bleeding
                  | wounds create armour. (AC +9) [demonic ancestry]
   233 | D:1      | Reached XP level 2. HP: 12/24 MP: 3/3
   253 | D:1      | Reached * piety under Lugonu
   474 | D:1      | Reached skill level 1 in Dodging
   506 | D:1      | Gained mutation: You are partially covered in sharp spines.
                  | [demonic ancestry]
   506 | D:1      | Reached XP level 3. HP: 26/29 MP: 4/4
  1681 | D:3      | Reached ** piety under Lugonu
  1681 | D:3      | Reached XP level 4. HP: 24/36 MP: 5/5
  1714 | D:3      | Found a glowing drain.
  1743 | Sewer    | Entered a sewer
  2167 | Sewer    | Gained mutation: You have large cloven feet. [demonic
                  | ancestry]
  2167 | Sewer    | Reached XP level 5. HP: 24/42 MP: 6/6
  2197 | Sewer    | Reached *** piety under Lugonu
  2626 | D:3      | Found a white marble altar of Elyvilon.
  2681 | D:3      | Reached skill level 1 in Throwing
  3096 | D:3      | Reached XP level 6. HP: 45/48 MP: 7/7
  3820 | D:4      | Found a stormy altar of Qazlal.
  3823 | D:4      | Found a blossoming altar of Fedhas.
  3947 | D:4      | Found a runed translucent door.
  3948 | D:4      | Noticed Crazy Yiuf
  3959 | D:4      | Cast into level 2 of the Abyss (Crazy Yiuf)
  4006 | Abyss:2  | Noticed a thrashing horror
  4028 | Abyss:3  | Noticed a large abomination
  4053 | Abyss:3  | Noticed a smoke demon
  4053 | Abyss:3  | Noticed a statue
  4053 | Abyss:3  | Noticed a smoke demon
  4053 | Abyss:3  | Noticed a deep elf mage
  4053 | Abyss:3  | Noticed a deep elf mage
  4054 | D:4      | Escaped the Abyss
  4056 | D:4      | Killed Crazy Yiuf
  4274 | D:4      | Identified a scroll of acquirement
  4275 | D:4      | Got the ring "Marumumm" {rElec rCorr Int+4 Dex+4}
  4389 | D:5      | Entered Level 5 of the Dungeon
  4419 | D:5      | Found an iron altar of Okawaru.
  4809 | D:5      | Got a spiked tower shield
  4815 | D:5      | Identified the +6 tower shield "Yxken" {rC- rCorr SInv}
                  | (You found it on level 5 of the Dungeon)
  5028 | D:6      | Reached skill level 1 in Shields
  5028 | D:6      | Gained mutation: You have hoof-like feet. [demonic
                  | ancestry]
  5028 | D:6      | Reached XP level 7. HP: 55/55 MP: 8/8
  5198 | D:6      | Reached skill level 2 in Shields
  5780 | D:6      | Reached skill level 5 in Long Blades
  5870 | D:6      | Reached skill level 3 in Shields
  6089 | D:7      | Reached **** piety under Lugonu
  6089 | D:7      | Gained mutation: Your flesh is heat resistant. (rF+)
                  | [demonic ancestry]
  6089 | D:7      | Reached XP level 8. HP: 57/61 MP: 9/9
  6456 | D:7      | Reached skill level 4 in Shields
  6586 | D:7      | Found a runed translucent gate.
  6586 | D:7      | Noticed a kobold demonologist
  6587 | D:7      | Found a runed translucent gate.
  6587 | D:7      | Noticed krigyl's ghost (novice MiFi)
  6588 | D:7      | Found a runed translucent gate.
  6703 | D:7      | Found a snail-covered altar of Cheibriados.
  6704 | D:7      | Found a shimmering altar of Xom.
  6755 | D:7      | Found a staircase to the Ecumenical Temple.
  7363 | D:7      | Corrupted D:7
  7363 | D:7      | Noticed a worldbinder
  7363 | D:7      | Noticed a large abomination
  7363 | D:7      | Noticed a tormentor
  7363 | D:7      | Noticed a raiju
  7363 | D:7      | Noticed a large abomination
  7363 | D:7      | Noticed a tormentor
  7363 | D:7      | Noticed a starcursed mass
  7363 | D:7      | Noticed a smoke demon
  7363 | D:7      | Noticed a tentacled starspawn
  7364 | D:7      | Noticed a worldbinder
  7364 | D:7      | Noticed a hellwing
  7366 | D:7      | Noticed a tentacled starspawn
  7367 | D:7      | Noticed a starcursed mass
  7370 | D:7      | Noticed a starcursed mass
  7375 | D:7      | Noticed a large abomination
  7380 | D:7      | Killed a kobold demonologist
  7383 | D:7      | Killed krigyl's ghost
  7400 | D:7      | Noticed a smoke demon
  7531 | D:8      | Reached skill level 5 in Fighting
  7531 | D:8      | Reached skill level 5 in Shields
  7541 | D:8      | Found a staircase to the Lair.
  7676 | D:8      | Reached XP level 9. HP: 45/68 MP: 10/10
  7939 | D:8      | Reached skill level 6 in Shields
  8390 | D:8      | Reached skill level 5 in Armour
  8815 | D:9      | Reached skill level 7 in Shields
  8868 | D:9      | Reached ***** piety under Lugonu
  9005 | D:9      | Gained mutation: You are mostly covered in sharp spines.
                  | [demonic ancestry]
  9005 | D:9      | Reached XP level 10. HP: 46/76 MP: 11/11
  9260 | D:9      | Reached skill level 8 in Shields
  9621 | D:9      | Found a roughly hewn altar of Beogh.
  9621 | D:9      | Found a staircase to the Orcish Mines.
  9965 | D:10     | Entered Level 10 of the Dungeon
  9981 | D:10     | Identified the Handbook of Sinister Magic
 10154 | D:10     | Found a roughly hewn altar of Beogh.
 10300 | D:10     | Reached skill level 9 in Shields
 10585 | D:10     | Noticed a five-headed hydra
 10590 | D:10     | Killed a five-headed hydra
 10590 | D:10     | Reached ****** piety under Lugonu
 10591 | D:10     | Identified a +4 scimitar of distortion (a +2 scimitar
                  | corrupted by Lugonu)
 10591 | D:10     | Received a gift from Lugonu
 10785 | D:10     | Gained mutation: Armour fits poorly on your strangely
                  | shaped body. [potion of mutation]
 10785 | D:10     | Gained mutation: You expend magic power (3 MP) to
                  | strengthen your wands. [potion of mutation]
 10785 | D:10     | Gained mutation: You evolve. [potion of mutation]
 10887 | D:10     | Noticed a gargoyle
 10894 | D:10     | Banished a gargoyle
 10894 | D:10     | Reached skill level 1 in Evocations
 10995 | D:11     | Noticed a cyan ugly thing
 11006 | D:11     | Noticed a green ugly thing
 11041 | D:10     | Banished a purple ugly thing
 11041 | D:10     | Reached skill level 10 in Shields
 11041 | D:10     | Reached XP level 11. HP: 65/81 MP: 12/12
 11043 | D:10     | Killed a brown ugly thing
 11258 | D:11     | Noticed a two-headed ogre
 11266 | D:11     | Killed a two-headed ogre
 11430 | D:11     | Found a transporter.
 11440 | D:11     | Found a bloodstained altar of Trog.
 11523 | D:11     | Found a transporter.
 11536 | D:11     | Reached skill level 1 in Stealth
 11819 | D:12     | Reached skill level 11 in Shields
 11836 | D:12     | Noticed a green ugly thing
 11845 | D:12     | Killed a green ugly thing
 12006 | D:12     | Noticed an unseen horror
 12018 | D:12     | Killed an unseen horror
 12046 | D:12     | Noticed a five-headed hydra
 12053 | D:12     | Killed a five-headed hydra
 12125 | D:12     | Noticed a deep elf mage
 12154 | D:12     | Killed a deep elf mage
 12418 | D:12     | Gained mutation: When seriously injured, your bleeding
                  | wounds create thick armour. (AC +9) [demonic ancestry]
 12418 | D:12     | Reached XP level 12. HP: 87/91 MP: 13/13
 12588 | D:12     | You fall into a shaft and drop 3 floors!
 12588 | D:15     | Entered Level 15 of the Dungeon
 12592 | D:15     | Noticed a six-headed hydra
 12600 | D:15     | Killed a six-headed hydra
 12611 | D:15     | Noticed a death knight
 12637 | D:15     | Killed a death knight
 12741 | D:15     | Reached skill level 10 in Long Blades
 12872 | D:15     | Reached skill level 12 in Shields
 12909 | D:15     | Noticed a centaur warrior
 12922 | D:15     | Noticed a centaur warrior
 12927 | D:15     | Killed a centaur warrior
 12942 | D:15     | Killed a centaur warrior
 13140 | D:15     | Noticed a two-headed ogre
 13143 | D:15     | Banished a two-headed ogre
 13505 | D:14     | Found a gate to the Vaults.
 13523 | D:14     | Noticed an ogre mage
 13528 | D:14     | Noticed a centaur warrior
 13530 | D:14     | Killed an ogre mage
 13532 | D:14     | Banished a centaur warrior
 13532 | D:14     | Reached skill level 13 in Shields
 13540 | D:14     | Reached skill level 5 in Dodging
 13998 | D:14     | Noticed Kirke
 14008 | D:14     | Banished Kirke
 14008 | D:14     | Gained mutation: You are immune to clouds of flame.
                  | [demonic ancestry]
 14008 | D:14     | Reached XP level 13. HP: 93/97 MP: 14/14
 14125 | D:14     | Found a shattered altar of Ashenzari.
 14680 | D:14     | Noticed Agnes
 14688 | D:14     | Banished Agnes
 15303 | D:13     | Reached skill level 14 in Shields
 15561 | D:13     | Gained mutation: You are frail. (-10% HP) [evolution]
 16763 | Orc:1    | Entered Level 1 of the Orcish Mines
 17207 | Orc:2    | Entered Level 2 of the Orcish Mines
 17231 | Orc:2    | Found Miawyus's General Store.
 17232 | Orc:2    | Found Ucump's Magic Scroll Boutique.
 17862 | Orc:1    | Gained mutation: You are clumsy. (Dex -2) [evolution]
 18189 | Orc:2    | Reached XP level 14. HP: 95/95 MP: 15/15
 18478 | Orc:2    | Found a staircase to the Elven Halls.
 18576 | Orc:2    | Found Torirr's Antique Armour Shop.
 18747 | Orc:2    | Found Vehylu's Armour Boutique.
 18847 | Orc:2    | Found Xyhahuc's Armour Emporium.
 18963 | Orc:2    | Bought 3 scrolls of enchant weapon for 337 gold pieces
 19149 | Lair:1   | Entered Level 1 of the Lair of Beasts
 19396 | Lair:1   | Noticed Joseph
 19406 | Lair:1   | Banished Joseph
 19406 | Lair:1   | Reached skill level 15 in Shields
 19506 | Lair:1   | Found a dark tunnel.
 19516 | Volcano  | Entered a volcano
 19694 | Volcano  | Corrupted Volcano
 19694 | Volcano  | Noticed a starcursed mass
 19694 | Volcano  | Noticed a tentacled starspawn
 19694 | Volcano  | Noticed a white very ugly thing
 19694 | Volcano  | Noticed a starcursed mass
 19695 | Volcano  | Noticed a starcursed mass
 19695 | Volcano  | Noticed a reaper
 20849 | Lair:3   | Noticed Nergalle
 20870 | Lair:3   | Killed Nergalle
 20954 | Lair:3   | Found a hole to the Spider Nest.
 21668 | Lair:4   | Got the +2 pair of gloves of Light {Harm Dex-5 Stlth+}
 21799 | Lair:4   | Found a gate leading to a gauntlet.
 21809 | Gauntlet | Entered a Gauntlet
 21809 | Gauntlet | Found a transporter.
 21809 | Gauntlet | Found a transporter.
 21814 | Gauntlet | Found a transporter.
 21829 | Gauntlet | Found a transporter.
 21852 | Gauntlet | Found a transporter.
 21860 | Gauntlet | Found a transporter.
 21878 | Gauntlet | Found a transporter.
 21952 | Gauntlet | Found a transporter.
 21967 | Gauntlet | Found a transporter.
 21981 | Gauntlet | Found a transporter.
 21994 | Gauntlet | Found a transporter.
 22012 | Gauntlet | Found a transporter.
 22084 | Gauntlet | Found a transporter.
 22102 | Gauntlet | Found a transporter.
 22110 | Gauntlet | Found a transporter.
 22116 | Gauntlet | Found a transporter.
 22865 | Gauntlet | Identified the Incunabulum of the Blaze
 23416 | Lair:4   | Found a staircase to the Swamp.
 23628 | Lair:4   | Identified the +2 leather armour of Gallantry {Int+3 Dex+3}
                  | (You found it on level 4 of the Lair of Beasts)
 23750 | Lair:5   | Lost mutation: You are frail. (-10% HP) [potion of
                  | mutation]
 23750 | Lair:5   | Lost mutation: You evolve. [potion of mutation]
 23750 | Lair:5   | Gained mutation: You are occasionally teleported next to
                  | monsters. [potion of mutation]
 23750 | Lair:5   | Gained mutation: Your mind is acute. (Int +2) [potion of
                  | mutation]
 23750 | Lair:5   | Gained mutation: You are covered in fur. (AC +1) [potion of
                  | mutation]
 23788 | Lair:5   | Identified the +7 mace of Fee Simple {freeze, rPois} (You
                  | found it on level 5 of the Lair of Beasts)
 23815 | Lair:5   | Reached XP level 15. HP: 70/114 MP: 16/16
 24068 | Lair:5   | Found a staircase to the Slime Pits.
 24933 | Lair:6   | Entered Level 6 of the Lair of Beasts
 25307 | Lair:6   | Reached skill level 16 in Shields
 25949 | Lair:6   | Got a steaming tin ring
 25950 | Lair:6   | Identified the ring "Vule" {+Fly AC+4 Str-5 Int+8} (You
                  | found it on level 6 of the Lair of Beasts)
 26259 | Swamp:1  | Entered Level 1 of the Swamp
 26953 | Swamp:1  | Reached skill level 10 in Fighting
 27142 | Swamp:1  | Noticed a tentacled monstrosity
 27168 | Swamp:1  | Killed a tentacled monstrosity
 27171 | Swamp:1  | Identified the +7 battleaxe "Puckutz" {drain, rPois rF- rC+
                  | Dex+8} (You found it on level 1 of the Swamp)
 27311 | Swamp:1  | Reached skill level 17 in Shields
 27618 | Swamp:2  | Noticed Frances
 27627 | Swamp:2  | Killed Frances
 27644 | Swamp:2  | Reached XP level 16. HP: 41/122 MP: 10/18
 28868 | Swamp:3  | Noticed a thorn hunter
 28884 | Swamp:3  | Corrupted Swamp:3
 28911 | Swamp:3  | HP: 6/122 [vampire mosquito (6)]
 28912 | Swamp:3  | Killed a thorn hunter
 28931 | Swamp:3  | HP: 1/122 [vampire mosquito (8)]
 29578 | Swamp:4  | Entered Level 4 of the Swamp
 30109 | Swamp:4  | HP: 5/123 [spiny frog[a spriggan druid] (13)]
 30109 | Swamp:4  | Mangled by a spiny frog

Illustrated notes

Levels and vault maps discovered:
D:1:      onia_arrival_pentagram, layout_basic
D:2:      layout_basic
D:3:      layout_basic, portal_sewer_entry_c, elyvilon_altar_1
D:4:      layout_basic, grunt_temple_overflow_forces_of_nature,
          uniq_crazy_yiuf_cottage
D:5:      layout_loops_ring, okawaru_ov_weapons_minmay, first_ration
D:6:      layout_layer_cave
D:7:      layout_basic, gammafunk_temple_overflow_statue,
          minmay_temple_entry_from_below_a, gammafunk_ghost_nasty_kobolds,
          the_bakery
D:8:      layout_loops_ring, lair_entry_dummy, minmay_crystal_room,
          fungi_pond_lemuel
D:9:      layout_rooms, david_orc_5, grunt_potential
D:10:     layout_grid_maze, grunt_ministairs_11, david_defended_altar_orc
D:11:     gammafunk_jiyva_shrine, layout_cross, bloody_trog
D:12:     layout_stronghold
D:13:     layout_layer_cave, hangedman_abyss_or_decor_jellyfish_corner
D:14:     layout_loops_corners, hangedman_vaults_entry_quadrant_bands,
          serial_ice, serial_ice_f, serial_ice_e, serial_ice_j, serial_ice_n,
          serial_ice_m, serial_ice_o, evilmike_ruin_ashenzari, uniq_agnes,
          uniq_kirke
D:15:     grunt_enter_depths_snipers, layout_rooms, minmay_misc_feat_nine_boxes,
          unseen_surprise_small
Lair:1:   layout_roguey, lightli_volcano_entry_magma_tube, uniq_joseph
Lair:2:   layout_cave_pods, serial_forest, infiniplex_forest_clump_large,
          infiniplex_forest_3_way, infiniplex_forest_straight_2,
          infiniplex_forest_clump_medium, infiniplex_forest_zigzag_1,
          infiniplex_forest_end_1, infiniplex_forest_straight_2,
          infiniplex_forest_lined_4_way, minivault_11, lemuel_fruit_tree
Lair:3:   layout_misc_corridors, spider_nest_entry_webs, uniq_nergalle
Lair:4:   layout_cave_pods, minmay_swamp_entry_reptiles, gauntlet_entry_generic
Lair:5:   layout_layer_cave, nicolae_slime_entry_slimehenge, serial_forest,
          infiniplex_forest_lined_ring, infiniplex_forest_clump_medium,
          infiniplex_forest_clump_tiny, infiniplex_forest_lined_2,
          infiniplex_forest_clump_curved, infiniplex_forest_clump_curved,
          infiniplex_forest_clump_cross, infiniplex_forest_clump_double
Lair:6:   grunt_lair_end_beastmaster, layout_misc_corridors
Swamp:1:  cheibrodos_swamp_monstrosity, layout_basic_swamp, serial_swamp_ruin,
          evilmike_swamp_ruin_wall, evilmike_swamp_ruin_house_2,
          infiniplex_staircase_pool
Swamp:2:  layout_falls_marsh, evilmike_swamp_ruin_house_3, uniq_frances
Swamp:3:  layout_basic_swamp, evilmike_swamp_ruin_house_1, swamp_pool2
Swamp:4:  byrel_swamp_growth_death_and_undeath, layout_basic_swamp
Orc:1:    layout_caves
Orc:2:    st_orc_open, layout_caves, serial_shops, shop_fountains

Skill      XL: |  1  2  3  4  5  6  7  8  9 10 11 12 13 14 15 16 |
---------------+-------------------------------------------------+-----
Armour         | 2 3 4 5 6 7 8 |  8.4
Long Blades    | 2 3 4 5 6 7 8 9 10 11 12 13 | 13.8
Dodging        | 1 2 3 4 5 6 7 |  7.5
Throwing       | 1 2 |  2.6
Fighting       | 4 5 6 7 8 9 10 | 10.4
Shields        | 1 3 5 7 10 11 13 14 15 17 | 17.5
Evocations     | 1 2 |  2.5
Stealth        | 1 2 |  2.2
Invocations    | 3 4 |  4.1

Action                   |  1- 3 |  4- 6 |  7- 9 | 10-12 | 13-15 | 16-18 || total
-------------------------+-------+-------+-------+-------+-------+-------++-------
Melee: Falchion          |   114 |   213 |   383 |       |       |       ||   710
       Kick              |       |    44 |   160 |   209 |   332 |    37 ||   782
       Scimitar          |       |       |    92 |   604 |  1176 |   197 ||  2069
Throw: Dart              |     6 |    10 |       |    19 |       |       ||    35
       Javelin           |       |       |       |       |     7 |     8 ||    15
Invok: Depart the Abyss  |     1 |     1 |       |       |       |       ||     2
       Corrupt           |       |       |     1 |       |     1 |     1 ||     3
       Brand Weapon With |       |       |       |     1 |       |       ||     1
       Bend Space        |       |       |       |       |     8 |     8 ||    16
       Banish            |       |       |       |       |     2 |       ||     2
Evoke: Wand              |       |       |     5 |    25 |    10 |     3 ||    43
       Lightning rod     |       |       |       |       |     5 |     3 ||     8
  Use: Scroll            |     6 |     9 |     4 |     9 |    30 |     5 ||    63
       Potion            |       |     4 |       |     2 |     8 |    12 ||    26
 Stab: Fleeing           |       |       |       |     1 |       |       ||     1
  Eat: Chunk             |     2 |     3 |       |       |     1 |       ||     6
       Ration            |       |     3 |     4 |     6 |    13 |     3 ||    29
Armor: Scale mail        |    75 |   101 |   118 |   116 |   285 |    60 ||   755
Dodge: Dodged            |    65 |    84 |    81 |   118 |   309 |    77 ||   734
Block: Tower shield      |       |    26 |   470 |   694 |  1286 |   270 ||  2746
       Rpst.: Falchion   |    16 |    26 |    11 |       |       |       ||    53
       Scimitar          |       |       |     8 |    20 |    58 |    14 ||   100

Table legend:
 A = Non-vault XP
 B = Vault XP
 C = Vault XP percentage of total XP
 D = Non-vault monster count
 E = Vault monster count
 F = Vault count percentage of total count
                 A         B        C        D         E       F
            +---------+---------+-------+---------+---------+-------
      Total |  124299 |   51847 |  29.4 |     697 |     214 |  23.5
            +---------+---------+-------+---------+---------+-------
        D:1 |      54 |       0 |   0.0 |      28 |       0 |   0.0
        D:2 |      15 |       0 |   0.0 |       9 |       0 |   0.0
        D:3 |     228 |      32 |  12.3 |      37 |       7 |  15.9
        D:4 |     143 |      40 |  21.9 |       8 |       1 |  11.1
        D:5 |      46 |       0 |   0.0 |      11 |       0 |   0.0
        D:6 |     770 |       0 |   0.0 |      16 |       0 |   0.0
        D:7 |     481 |     211 |  30.5 |      15 |       1 |   6.2
        D:8 |    1863 |       0 |   0.0 |      41 |       0 |   0.0
        D:9 |    2366 |    1274 |  35.0 |      41 |      38 |  48.1
       D:10 |    2980 |    1111 |  27.2 |      21 |       5 |  19.2
       D:11 |    4850 |     723 |  13.0 |      42 |       2 |   4.5
       D:12 |    7896 |       0 |   0.0 |      40 |       0 |   0.0
       D:13 |    4470 |       0 |   0.0 |      30 |       0 |   0.0
       D:14 |    9045 |   11232 |  55.4 |      26 |      37 |  58.7
       D:15 |    7778 |       0 |   0.0 |      28 |       0 |   0.0
     Lair:1 |    3464 |     306 |   8.1 |      17 |       1 |   5.6
     Lair:2 |    3299 |       0 |   0.0 |      16 |       0 |   0.0
     Lair:3 |    5543 |    1368 |  19.8 |      26 |       4 |  13.3
     Lair:4 |    5614 |     547 |   8.9 |      19 |       4 |  17.4
     Lair:5 |    6298 |      75 |   1.2 |      28 |       5 |  15.2
     Lair:6 |   13111 |    8390 |  39.0 |      40 |      17 |  29.8
    Swamp:1 |   14373 |    2829 |  16.4 |      38 |       1 |   2.6
    Swamp:2 |   12184 |    2260 |  15.6 |      35 |       1 |   2.8
    Swamp:3 |    8070 |       0 |   0.0 |      27 |       0 |   0.0
    Swamp:4 |    7570 |     142 |   1.8 |      19 |       1 |   5.0
      Orc:1 |    1394 |    4186 |  75.0 |      25 |      14 |  35.9
      Orc:2 |     394 |   10141 |  96.3 |      14 |      23 |  62.2
      Sewer |       0 |      68 | 100.0 |       0 |      25 | 100.0
    Volcano |       0 |    3440 | 100.0 |       0 |      11 | 100.0
   Gauntlet |       0 |    3472 | 100.0 |       0 |      16 | 100.0
            +---------+---------+-------+---------+---------+-------
